Map: Orbital Shipyard

Players

Cloudetix - Winner!

  • Race: Terran Terran
  • League: Gold

Novawulfen

  • Race: Terran Terran
  • League: Gold

VOD

Have the link to the VOD?

Description

Time

  • Played on: Nov. 14, 2015, 7:44 p.m.
  • Length: 12:52
Show
View Real Time Build Order
Export as new Build Order

Cloudetix Terran - Winner!

Build Orders: Reaper Expand 

Get SALT Encoding   

  12  0:01  SCV  
  13  0:13  SCV  
  14  0:19  Supply Depot  
  14  0:25  SCV  
  15  0:40  SCV  
  16  0:42  Barracks  
  16  0:47  Refinery  
  16  0:53  SCV  
  17  1:06  SCV  
  18  1:18  SCV  
  19  1:31  Reaper  
  20  1:33  Orbital Command  
  20  1:46  Command Center  
  20  2:00  SCV  
  21  2:02  Supply Depot  
  21  2:11  Refinery  
  21  2:12  SCV  
  22  2:17  Barracks Reactor  
  22  2:24  SCV  
  22  2:26  Factory  
  23  2:36  SCV  
  24  2:49  SCV  
  25  2:53  Command Center  
  25  2:57  Marine  
  26  3:01  SCV  
  28  3:07  Orbital Command  
  27  3:13  SCV  
  27  3:17  Factory Tech Lab  
  27  3:27  SCV  
  27  3:33  SCV  
  27  3:34  Marine x2  
  29  3:40  Starport  
  31  3:47  Siege Tank  
  34  3:48  SCV  
  34  3:49  SCV, Supply Depot  
  36  3:56  Marine  
  36  3:57  Marine  
  36  4:01  SCV x2  
  40  4:04  Orbital Command  
  40  4:13  SCV  
  40  4:15  Marine x2  
  43  4:25  SCV  
  43  4:26  SCV  
  43  4:30  Supply Depot x2, Raven  
  47  4:31  SCV  
  47  4:34  Marine x2  
  47  4:37  SCV  
  51  4:39  Factory Tech Lab  
  51  4:48  SCV x2  
  51  4:50  Barracks  
  51  4:52  Barracks  
  53  4:53  Marine x2  
  53  4:58  Supply Depot, Siege Tank  
  58  5:00  SCV  
  58  5:03  Supply Depot  
  58  5:04  SCV x2  
  61  5:12  SCV, Marine x2  
  65  5:21  SCV x2  
  65  5:23  Orbital Command  
  65  5:27  Starport Reactor  
  66  5:33  SCV x2  
  68  5:40  Siege Tank, Marine x2  
  73  5:46  SCV  
  73  5:49  Barracks Reactor  
  74  5:50  Refinery x2  
  74  5:51  SCV  
  74  5:54  SCV  
  76  5:58  SCV, Stimpack, Marine  
  76  5:59  Marine x2  
  76  6:03  Supply Depot  
  80  6:05  Supply Depot  
  80  6:06  Engineering Bay  
  80  6:07  SCV x2, Medivac x2  
  80  6:08  Engineering Bay  
  86  6:16  Marine x2  
  88  6:19  Marine  
  89  6:25  Barracks  
  89  6:26  Barracks x2, Marine x2  
  91  6:34  Terran Infantry Weapons Level 1, Terran Infantry Armor Level 1, Marine  
  91  6:35  SCV x3  
  95  6:41  Missile Turret, Medivac  
  97  6:52  Marine x3  
  97  6:53  Siege Tank  
  103  6:55  Marine x2  
  103  7:00  Missile Turret x2  
  105  7:02  SCV x3, Missile Turret x3  
  98  7:10  Marine x3  
  98  7:12  Marine  
  101  7:21  Missile Turret  
  99  7:32  SCV x3  
  99  7:38  Marine x4  
  99  7:40  Medivac x2  
  99  7:41  Siege Tank  
  107  7:52  Marine  
  107  7:55  SCV x3  
  114  8:06  Marine x3  
  114  8:07  SCV, Missile Turret  
  114  8:08  SCV, Barracks Reactor x2  
  114  8:09  SCV, Barracks Reactor  
  117  8:24  Armory  
  117  8:27  SCV x2  
  117  8:35  Sensor Tower  
  117  8:47  Supply Depot x2  
  117  8:52  Supply Depot  
  117  8:59  Supply Depot  
  117  9:05  Supply Depot  
  117  9:06  Supply Depot  
  117  9:07  Supply Depot  
  117  9:08  Marine x5  
  117  9:09  SCV x2, Siege Tank, Marine x6  
  133  9:13  SCV, Refinery  
  133  9:14  Refinery  
  134  9:17  Barracks  
  134  9:18  Barracks  
  134  9:19  Medivac x2  
  134  9:20  Barracks  
  134  9:21  SCV x2  
  140  9:25  SCV  
  140  9:26  Marine x4  
  140  9:27  Marine x2  
  140  9:28  Terran Infantry Weapons Level 2  
  147  9:35  SCV x2  
  147  9:36  Missile Turret  
  149  9:43  Marine x4  
  149  9:44  Marine x2  
  149  9:45  Siege Tank  
  158  10:00  Medivac  
  158  10:01  Marine x4, Medivac  
  158  10:02  Marine  
  158  10:07  Barracks Reactor x2  
  167  10:08  Barracks Reactor  
  167  10:10  Terran Infantry Armor Level 2  
  167  10:14  Supply Depot  
  167  10:15  Supply Depot  
  167  10:17  Marine x4  
  167  10:18  Supply Depot  
  171  10:36  Marine x4  
  171  10:37  Marine x4  
  179  10:44  Marine x4  
  173  10:50  Marine x4  
  177  10:59  Command Center  
  177  11:01  Command Center  
  177  11:03  Marine  
  177  11:04  Marine x5  
  179  11:10  Marine x4  
  179  11:11  Medivac, Siege Tank, Marine  
  188  11:15  Marine x3  
  196  11:22  Marine  
  197  11:30  Combat Shields  
  197  11:38  Supply Depot  
  197  11:40  Supply Depot  
  197  11:43  Supply Depot  
  197  11:48  Supply Depot  
  197  11:56  Marine  
  197  11:57  Marine x3  
  197  11:58  Marine  
  197  11:59  Marine x3  
  171  12:13  Marine x3  
  171  12:14  Siege Tank, Medivac x2  
  181  12:18  Orbital Command  
  181  12:21  Orbital Command  
  181  12:25  Marine x6  
  181  12:26  Marine  
Show
View Real Time Build Order
Export as new Build Order

Novawulfen Terran 

Build Orders: Command Center First (CC) 

Get SALT Encoding   

  12  0:01  SCV  
  13  0:16  Supply Depot  
  13  0:18  SCV  
  14  0:30  SCV  
  15  0:45  SCV  
  17  0:57  SCV  
  17  1:02  Command Center  
  17  1:09  SCV  
  18  1:16  Barracks  
  18  1:22  SCV  
  19  1:34  SCV  
  19  1:38  Barracks  
  20  1:47  SCV  
  21  1:54  Supply Depot  
  21  1:59  SCV, Refinery  
  21  2:01  Refinery  
  22  2:02  Marine  
  23  2:13  Orbital Command  
  23  2:23  Orbital Command  
  23  2:26  Marine  
  24  2:40  Marine  
  24  2:41  SCV  
  24  2:43  Marine  
  27  2:53  SCV  
  27  2:54  SCV  
  29  3:04  Barracks  
  29  3:20  SCV x2  
  31  3:27  Barracks Reactor, Barracks Tech Lab  
  31  3:32  SCV  
  32  3:34  SCV  
  33  3:43  Factory  
  33  3:44  SCV  
  34  3:51  Command Center  
  34  3:54  Supply Depot  
  34  3:55  Supply Depot, SCV  
  35  4:03  Barracks  
  35  4:04  Barracks Reactor, Barracks  
  35  4:05  Stimpack  
  35  4:06  Marine x2  
  35  4:08  Marine  
  38  4:10  SCV  
  38  4:13  SCV  
  40  4:22  SCV  
  41  4:25  SCV, Refinery  
  41  4:26  Refinery  
  41  4:27  Marine x2  
  41  4:29  Marine  
  45  4:38  SCV x2  
  47  4:47  Marine x3  
  47  4:48  Marine x2  
  47  4:52  Starport, Factory Reactor  
  52  4:56  SCV  
  52  4:57  Engineering Bay  
  52  4:58  SCV  
  54  5:05  Orbital Command  
  54  5:10  Marine x4  
  54  5:14  Barracks Reactor  
  59  5:15  Barracks Reactor  
  59  5:20  SCV x2  
  60  5:25  Missile Turret  
  60  5:35  Marine x5  
  64  5:36  Medivac  
  64  5:37  Medivac  
  64  5:39  SCV  
  64  5:42  SCV x2  
  72  5:50  Factory Tech Lab  
  72  5:51  Missile Turret, Marine x3  
  72  5:52  Marine x2  
  77  6:07  Supply Depot  
  77  6:08  Supply Depot  
  77  6:27  Supply Depot  
  77  6:28  SCV x3, Medivac, Marine x3  
  77  6:29  Marine x3  
  77  6:30  Supply Depot x2, Marine  
  89  6:39  Missile Turret  
  89  6:40  SCV x3  
  89  6:41  Missile Turret  
  89  6:43  Missile Turret  
  89  6:45  Missile Turret  
  89  6:46  Marine  
  93  6:49  Marine x6  
  93  6:52  SCV x2, Siege Tank  
  104  6:54  Supply Depot  
  104  6:57  SCV  
  104  6:58  Supply Depot  
  105  7:11  SCV x3, Marine x4  
  105  7:12  Marine x4  
  116  7:23  SCV  
  116  7:27  Marine  
  116  7:28  Siege Tank, Medivac x2  
  116  7:29  Marine x3  
  117  7:40  Marine x5  
  119  7:44  Marine  
  119  7:47  Marine x3  
  119  7:58  Marine  
  120  8:11  SCV x2  
  120  8:12  SCV  
  123  8:17  Refinery  
  123  8:18  Refinery  
  123  8:28  SCV x3  
  123  8:29  Marine x7  
  133  8:40  Supply Depot  
  133  8:41  Supply Depot  
  133  8:44  Supply Depot  
  133  8:45  Supply Depot x2  
  133  8:47  Supply Depot  
  133  8:48  Supply Depot  
  133  8:49  Supply Depot  
  133  8:52  Supply Depot  
  133  9:00  Supply Depot  
  133  9:02  SCV x3, Medivac x2, Marine  
  141  9:03  Siege Tank, Missile Turret, Marine x5  
  141  9:05  Missile Turret, Marine x3  
  141  9:07  Supply Depot  
  152  9:10  Supply Depot  
  152  9:16  Armory, Engineering Bay  
  152  9:19  Marine  
  152  9:21  Marine  
  154  9:30  Missile Turret  
  154  9:33  Marine x5  
  159  9:41  Marine x2  
  159  9:42  Siege Tank, Medivac x2  
  168  9:58  Command Center  
  168  10:08  SCV  
  168  10:09  SCV, Marine x4  
  168  10:10  Marauder, Marine x4  
  180  10:15  Command Center  
  180  10:21  Sensor Tower  
  180  10:26  Terran Infantry Weapons Level 1  
  180  10:27  Marine  
  181  10:30  Engineering Bay  
  181  10:42  Sensor Tower  
  179  10:59  Refinery  
  179  11:03  Refinery  
  160  11:27  Missile Turret  
  160  11:29  Marine x3  
  160  11:30  Marine x4  
  160  11:31  Siege Tank, Medivac x2  
  174  11:36  Missile Turret  
  174  11:37  Missile Turret  
  174  11:46  SCV x3  
  177  11:51  Orbital Command  
  153  12:01  Viking x2  
  153  12:06  Marine x2  
  109  12:10  Marine x2  
  109  12:11  Marauder, Marine x3  
  109  12:12  Siege Tank  
  109  12:13  Marine  
  120  12:24  Marine x2  
  120  12:28  Marine x2  
  124  12:33  Marine  
  124  12:34  Command Center, Marine x4  
  129  12:38  Command Center  
Tags
 
Add a new tag
Caveats
  • Supply blocks, unpowered buildings, or Contaminate may cause inaccurate times.
  • Supply counts are checked every 10 seconds.